Map: Dusk Towers

Players

IamDrizzt

  • Race: Protoss Protoss
  • League: Diamond

MorN - Winner!

  • Race: Terran Terran
  • League: Platinum

VOD

Have the link to the VOD?

Description

Time

  • Played on: Nov. 11, 2015, 9:46 p.m.
  • Length: 8:35
Show
View Real Time Build Order
Export as new Build Order

IamDrizzt Protoss 

Build Orders:  

Get SALT Encoding   

  12  0:00  Probe (Chrono Boost)  
  13  0:11  Probe (Chrono Boost)  
  14  0:19  Pylon  
  14  0:22  Probe (Chrono Boost)  
  15  0:38  Probe (Chrono Boost), Gateway  
  16  0:48  Probe (Chrono Boost), Assimilator  
  17  0:59  Probe (Chrono Boost)  
  18  1:09  Probe (Chrono Boost)  
  19  1:15  Pylon  
  19  1:19  Assimilator  
  19  1:20  Probe (Chrono Boost)  
  20  1:25  Cybernetics Core  
  20  1:30  Probe (Chrono Boost)  
  21  1:41  Probe (Chrono Boost)  
  22  1:51  Probe (Chrono Boost)  
  23  2:04  Nexus  
  23  2:05  Probe (Chrono Boost)  
  24  2:11  Adept  
  24  2:12  Warp Gate  
  26  2:19  Mothership Core (Chrono Boost)  
  28  2:28  Pylon  
  28  2:38  Probe (Chrono Boost)  
  28  2:44  Robotics Facility  
  29  2:48  Probe (Chrono Boost)  
  30  2:52  Pylon  
  30  2:59  Probe (Chrono Boost)  
  31  3:09  Probe (Chrono Boost)  
  32  3:14  Pylon  
  33  3:20  Probe (Chrono Boost)  
  33  3:26  Probe (Chrono Boost), Twilight Council  
  34  3:30  Probe (Chrono Boost)  
  35  3:36  Probe (Chrono Boost)  
  35  3:41  Probe (Chrono Boost)  
  37  3:58  Probe x2 (Chrono Boost)  
  39  4:05  Assimilator  
  39  4:09  Probe x2 (Chrono Boost)  
  39  4:10  Robotics Bay, Assimilator  
  39  4:12  Stalker  
  39  4:15  Gateway x2, Observer  
  42  4:19  Pylon  
  42  4:20  Probe x2 (Chrono Boost)  
  44  4:32  Probe x2 (Chrono Boost)  
  46  4:42  Probe x2 (Chrono Boost)  
  49  4:45  Observer  
  49  4:47  Blink (Chrono Boost)  
  49  4:49  Forge  
  49  4:51  Probe  
  49  4:54  Probe  
  49  4:56  Pylon  
  51  5:02  Probe  
  51  5:06  Probe  
  53  5:12  Probe  
  53  5:13  Disruptor (Chrono Boost)  
  56  5:16  Stalker x2, Protoss Ground Weapons Level 1 (Chrono Boost)  
  56  5:18  Probe  
  56  5:20  Pylon  
  62  5:31  Stalker  
  64  5:39  Nexus  
  64  5:46  Disruptor (Chrono Boost)  
  64  5:48  Pylon  
  67  5:54  Photon Cannon  
  67  5:58  Probe x2, Photon Cannon  
  69  6:08  Pylon  
  69  6:12  Stalker x3  
  69  6:17  Disruptor (Chrono Boost)  
  78  6:38  Zealot x3  
  82  6:42  Nexus  
  82  6:46  Photon Cannon  
  75  6:48  Mothership Core  
  75  6:49  Probe  
  75  6:51  Disruptor (Chrono Boost)  
  81  7:01  Probe  
  78  7:03  Stalker x2  
  68  7:25  Probe x2  
  70  7:37  Probe x2  
  72  7:44  Gateway  
  72  7:46  Gateway  
  72  7:48  Gateway  
  72  7:49  Probe x2  
  74  7:52  Gateway  
  72  8:01  Probe  
  72  8:02  Probe  
  68  8:10  Probe  
  67  8:13  Probe  
  67  8:14  Probe  
  72  8:21  Probe  
  72  8:25  Photon Cannon  
Show
View Real Time Build Order
Export as new Build Order

MorN Terran - Winner!

Build Orders: Command Center First (CC), MMM Bio 

Get SALT Encoding   

  12  0:00  SCV  
  13  0:13  SCV  
  14  0:17  Supply Depot  
  14  0:25  SCV  
  15  0:39  SCV  
  16  0:57  Command Center  
  16  1:02  SCV  
  17  1:11  Barracks  
  17  1:15  SCV  
  18  1:27  SCV  
  19  1:39  SCV  
  20  1:41  Refinery  
  20  1:51  SCV  
  21  2:00  Marine  
  22  2:06  Orbital Command  
  22  2:10  Orbital Command  
  22  2:18  Marine  
  23  2:27  Barracks x2  
  23  2:31  Refinery  
  23  2:33  SCV  
  24  2:37  SCV  
  25  2:45  SCV  
  25  2:50  Barracks Reactor  
  26  2:51  SCV  
  26  2:57  SCV  
  28  3:03  SCV  
  29  3:09  SCV  
  30  3:15  SCV, Barracks Tech Lab  
  30  3:19  Factory  
  31  3:21  SCV  
  31  3:22  Engineering Bay  
  31  3:26  Marine x2  
  34  3:30  SCV  
  34  3:34  Refinery  
  35  3:37  Marine, Marauder  
  38  3:46  Marine  
  38  3:50  SCV  
  38  3:58  SCV  
  37  4:04  Factory Reactor  
  37  4:07  Starport  
  37  4:10  Stimpack  
  37  4:11  SCV  
  37  4:12  Missile Turret  
  37  4:13  Missile Turret  
  38  4:19  Command Center  
  38  4:36  Supply Depot  
  38  4:37  Supply Depot  
  38  4:54  Factory Reactor  
  38  4:58  SCV, Marauder, Medivac x2  
  38  4:59  SCV, Marine x2  
  49  5:03  Barracks Tech Lab  
  48  5:10  SCV, Barracks  
  48  5:11  SCV, Barracks  
  48  5:13  Terran Infantry Weapons Level 1, Supply Depot  
  50  5:14  Supply Depot  
  50  5:17  Marine  
  50  5:20  Marauder  
  53  5:22  SCV  
  53  5:23  Combat Shields  
  54  5:31  SCV  
  54  5:32  Supply Depot  
  54  5:34  SCV  
  54  5:35  Orbital Command  
  56  5:41  Marauder, Marine  
  59  5:45  SCV  
  59  5:46  SCV  
  59  5:49  Widow Mine, Marine  
  62  5:52  Widow Mine  
  62  5:54  Supply Depot  
  66  5:58  Medivac x2  
  66  6:01  SCV  
  71  6:05  Barracks Tech Lab  
  71  6:06  Barracks Reactor  
  71  6:07  SCV x2  
  71  6:11  Refinery  
  73  6:13  SCV  
  73  6:15  Marauder, Marine  
  72  6:34  SCV x2  
  72  6:35  Marine x2, Medivac x2  
  78  6:50  Marine x2  
  78  6:51  Marauder x3  
  78  6:53  Marine x2  
  85  7:03  Widow Mine x2  
  85  7:05  Medivac  
  85  7:08  Marine x2  
  84  7:10  Orbital Command  
  84  7:11  Marine x2  
  84  7:12  Marauder  
  84  7:13  Marauder  
  84  7:14  Marine  
  93  7:19  SCV x2  
  93  7:24  Medivac  
  93  7:26  Marine x2  
  93  7:29  Marine  
  96  7:30  Supply Depot x2  
  96  7:33  SCV x2, Marauder  
  96  7:34  Engineering Bay  
  96  7:37  Armory  
  100  7:41  SCV  
  101  7:51  Widow Mine x2, Marine x5  
  101  7:52  SCV x2, Marauder  
  101  7:56  Supply Depot  
  101  7:57  Supply Depot  
  115  8:07  SCV x2  
  115  8:09  Marine x2  
  115  8:10  Marine x2  
  114  8:15  Barracks  
  114  8:16  Barracks, Marine x2  
  114  8:18  Barracks  
Tags
 
Add a new tag
Caveats
  • Supply blocks, unpowered buildings, or Contaminate may cause inaccurate times.
  • Supply counts are checked every 10 seconds.